 Dungeon Crawl Stone Soup version 0.26-a0-808-g930a2b7adc (webtiles) character file.

Game seed: 4234540468807919709

46 EnegeticOcto the Cudgeller (level 3, 0/30 HPs)
             Began as a Gargoyle Chaos Knight on Nov 12, 2020.
             Was a Plaything of Xom.
             Slain by Sigmund
             ... wielding a +0 scythe
              (3 damage)
             ... on level 2 of the Dungeon.
             The game lasted 00:03:38 (1906 turns).

EnegeticOcto the Cudgeller (Gargoyle Chaos Knight)  Turns: 1906, Time: 00:03:39

Health: 0/30       AC: 14    Str: 11      XL:     3   Next: 66%
Magic:  3/3        EV:  1    Int: 12      God:    Xom [.....*]
Gold:   90         SH:  2    Dex:  6 (8)  Spells: 2/2 levels left

rFire    . . .     SeeInvis .   a - +0 mace (chaos)
rCold    . . .     Faith    .   d - +0 buckler
rNeg     + . .     Spirit   .   f - +0 plate armour (curse)
rPois    ∞         Reflect  .   (no helmet)
rElec    +         Harm     .   (no cloak)
rCorr    .         Rampage  .   (no gloves)
MR       .....                  (no boots)
Stlth    ..........             (no amulet)
HPRegen  0.10/turn              (no ring)
MPRegen  0.08/turn              (no ring)

@: mighty, berserking (expiring), cleaving, very quick
A: blurry vision 1, clumsy 1, frail 1, negative energy resistance 1, electricity
resistance, weak 2, unbreathing, petrification resistance, rot immunity, AC +3
a: Renounce Religion


You were on level 2 of the Dungeon.
You worshipped Xom.
You were Xom's teddy bear.
You visited 1 branch of the dungeon, and saw 2 of its levels.

You collected 90 gold pieces.

Inventory:

Hand Weapons
 a - a +0 mace of chaos (weapon)
 b - a +0 whip
   (You took it off a kobold on level 1 of the Dungeon)
Missiles
 c - 33 stones (quivered)
 i - 34 arrows
 l - 2 throwing nets {!f}
Armour
 d - a +0 buckler (worn)
   (You found it on level 1 of the Dungeon)
 f - a cursed +0 plate armour (worn)
   (You found it on level 1 of the Dungeon)
Jewellery
 h - an uncursed amulet of faith {unknown}
   (You found it on level 1 of the Dungeon)
Scrolls
 g - a scroll of enchant armour {unknown}
 k - a scroll of fog {unknown}
 m - a scroll of amnesia {unknown}
 n - a scroll of remove curse {unknown}
Potions
 e - a potion of might {@q3 !q}


   Skills:
 - Level 3.2 Fighting
 * Level 4.5 Maces & Flails
 - Level 2.1 Armour
 - Level 0.7 Dodging
 - Level 0.3 Stealth


You had 2 spell levels left.
You didn't know any spells.
Your spell library was empty.

Dungeon Overview and Level Annotations

Branches:
Dungeon (2/15)

Altars:
Elyvilon

Annotations:
D:2 Sigmund


Innate Abilities, Weirdness & Mutations

You are resistant to torment.
Your stone body is resilient. (AC +3)
You are immune to poison.
You resist negative energy. (rN+)
You are resistant to electric shocks. (rElec)
You can survive without breathing.
You are immune to petrification.
You are immune to rotting.
Scrolls take you a little longer to read.
You are clumsy. (Dex -2)
You are frail. (-10% HP)
You are very weak. (Str -4)


Message History

No target in view!
No target in view!
No target in view!
No target in view!
No target in view!
No target in view!
Found a stone staircase leading down.
A rat comes into view.
You hit the rat.
You kill the rat!
No target in view!
No target in view!
No target in view!
No target in view!
A bat comes into view.
You hit the bat but do no damage.
The bat is poisoned.
You kill the bat!
Found a stone staircase leading down.
You now have 90 gold pieces (gained 19).
Found a scale mail.
Found a leather armour and a plate armour.
A goblin comes into view. It is wielding a +0 club.
The goblin shouts!
Found a bubbling cyan potion.
The goblin hits you but does no damage.
You hit the goblin.
You kill the goblin!
No target in view!
No target in view!
No target in view!
No target in view!
No target in view!
There is a stone staircase leading down here.
A giant cockroach comes into view.
The giant cockroach moves out of view.
A giant cockroach is nearby!
You closely miss the giant cockroach.
The giant cockroach bites you but does no damage.
You closely miss the giant cockroach. You block the giant cockroach's attack.
You hit the giant cockroach.
The giant cockroach seems to slow down.
The giant cockroach is almost dead.
The giant cockroach bites you but does no damage. x2
You barely miss the giant cockroach.
The giant cockroach is almost dead.
The giant cockroach bites you but does no damage.
You closely miss the giant cockroach.
The giant cockroach is almost dead.
You closely miss the giant cockroach.
The giant cockroach is almost dead.
The giant cockroach is no longer moving slowly.
The giant cockroach bites you but does no damage.
A giant cockroach is nearby!
A giant cockroach is nearby!
You closely miss the giant cockroach.
The giant cockroach is almost dead.
The giant cockroach bites you but does no damage. x2
You barely miss the giant cockroach.
The giant cockroach is almost dead.
The giant cockroach bites you but does no damage.
A giant cockroach is nearby!
A giant cockroach is nearby!
You hit the giant cockroach. You burn the giant cockroach.
You kill the giant cockroach!
No target in view!
No target in view!
e - 2 bubbling cyan potions (gained 1) Sigmund the Dreaded comes into view.
He is wielding a +0 scythe.
Sigmund shouts!
Sigmund points at you and mumbles some strange words.
You are confused.
You're too confused to move!
Sigmund hits you from afar with a +0 scythe.
It was a potion of might.
You feel very mighty all of a sudden.
You bump into the rock wall.
Sigmund hits you but does no damage.
You bump into the rock wall.
Sigmund points at you and mumbles some strange words.
You resist with significant effort.
You bump into the rock wall.
You feel less confused.
Sigmund points at you and mumbles some strange words.
You are confused.
You bump into the rock wall.
Sigmund hits you from afar with a +0 scythe. "Go forth and destroy!"
Your +0 mace of chaos looks sharp.
You miss Sigmund. Sigmund hits you with a +0 scythe.
You miss Sigmund. Sigmund hits you with a +0 scythe.
* * * LOW HITPOINT WARNING * * *
Okay, then.
A red film seems to cover your vision as you go berserk!
You feel yourself moving faster!
You feel mighty! Sigmund gestures at you while chanting.
You resist with significant effort.
You bump into the rock wall.
You feel a strong urge to attack something.
You feel less confused.
You closely miss Sigmund. Sigmund hits you with a +0 scythe.
You die...
Xom cackles wildly!

##..#...#####
#># #..
............#
8...8 ##.
###..#...#####
..... #.
#..##.##
8.....8##.
#..##.# #..
.##.....# ###
........#
..#####.# #@#
#.@....#
######.#


You could see Sigmund.

Vanquished Creatures
  2 dart slugs (D:1)
  2 leopard geckos
  6 bats
  2 giant cockroaches
  5 goblins
  5 hobgoblins (D:1)
  A jackal (D:2)
  5 kobolds (D:1)
  A frilled lizard (D:2)
  6 rats
35 creatures vanquished.

Vanquished Creatures (others)
  A giant cockroach (D:2)
  A goblin (D:2)
  2 jackals (D:2)
4 creatures vanquished.

Grand Total: 39 creatures vanquished

Notes
Turn   | Place    | Note
-------+----------+-------------------------------------------
     0 | D:1      | EnegeticOcto the Gargoyle Chaos Knight began the quest for
                  | the Orb.
     0 | D:1      | Reached XP level 1. HP: 14/14 MP: 1/1
    23 | D:1      | XOM: silly message
   132 | D:1      | Reached XP level 2. HP: 19/19 MP: 2/2
   175 | D:1      | XOM: silly message
   203 | D:1      | XOM: silly message
   363 | D:1      | XOM: divination: magic mapping
   366 | D:1      | Reached skill level 4 in Maces & Flails
   405 | D:1      | Reached XP level 3. HP: 23/23 MP: 3/3
   451 | D:1      | XOM: silly message
   579 | D:1      | XOM: noise
   769 | D:1      | XOM: silly message
   926 | D:1      | XOM: summons 2 hostile demons
   984 | D:1      | XOM: give mutations
   984 | D:1      | Gained mutation: You are weak. (Str -2) [Xom's mischief]
   984 | D:1      | Gained mutation: You are frail. (-10% HP) [Xom's mischief]
   984 | D:1      | Gained mutation: Armour fits poorly on your strangely
                  | shaped body. [Xom's mischief]
   984 | D:1      | Lost mutation: Armour fits poorly on your strangely shaped
                  | body. [Xom's mischief]
  1036 | D:1      | XOM: stat loss: -1 Dex (9/10)
  1193 | D:1      | XOM: silly message
  1425 | D:2      | XOM: stat loss: -1 Dex (8/10)
  1459 | D:2      | XOM: silly message
  1468 | D:2      | XOM: destruction
  1472 | D:2      | XOM: 1-stop teleportation journey
  1485 | D:2      | XOM: give mutations
  1485 | D:2      | Gained mutation: You are very weak. (Str -4) [Xom's
                  | mischief]
  1485 | D:2      | Gained mutation: You are clumsy. (Dex -2) [Xom's mischief]
  1485 | D:2      | Gained mutation: Scrolls take you a little longer to read.
                  | [Xom's mischief]
  1539 | D:2      | XOM: cloud trail
  1704 | D:2      | Found a white marble altar of Elyvilon.
  1890 | D:2      | Noticed Sigmund
  1901 | D:2      | XOM: cleaving
  1906 | D:2      | Slain by Sigmund

Illustrated notes

Levels and vault maps discovered:
D:1:      co_arrival_two_rings, layout_basic, lemuel_old_faithful
D:2:      layout_loops_ring, nicolae_gozag_cash_rules_everything_around_me,
          nicolae_overflow_hidden_temple, lemuel_round_altar, uniq_sigmund

Skill      XL: |  1  2 |
---------------+-------+-----
Maces & Flails | 4 |  4.5
Fighting       | |  3.2
Armour         | |  2.1
Dodging        | |  0.7
Stealth        | |  0.3

Action                   || total
-------------------------++-------
Melee: Mace              ||   111
Throw: Stone             ||     3
  Use: Potion            ||     3
 Stab: Petrifying        ||     1
Armor: Plate armour      ||   114
       Leather armour    ||     2
Dodge: Dodged            ||    22
Block: Buckler           ||    13

Table legend: (Time is in decaauts)
 A = Elapsed time spent in this place.
 B = Non-inter-level travel time spent in this place.
 C = Inter-level travel time spent in this place.
 D = Time resting spent in this place.
 E = Time spent auto-exploring this place.
 F = Levels seen in this place.
 G = Mean time per level.
                   A        B        C        D        E       F      G
               +--------+--------+--------+--------+--------+-----+--------+
         Total |   1937 |   1887 |     50 |    176 |   1362 |   2 |  968.5 |
       Dungeon |   1937 |   1887 |     50 |    176 |   1362 |   2 |  968.5 |
               +--------+--------+--------+--------+--------+-----+--------+

Top non-repeatable levels by time:
     D:1: 1421 daAuts
     D:2: 516 daAuts
